 Dungeon Crawl Stone Soup version 0.20.1-1-g8b1a95d (webtiles) character file.

68212 Mesmaeker13 the Geomancer (level 15, 0/72 HPs)
             Began as a Gargoyle Earth Elementalist on July 26, 2017.
             Was a High Priest of Vehumet.
             Slain by a sun demon (7 damage)
             ... summoned by an orc high priest
             ... on level 2 of the Orcish Mines.
             The game lasted 01:11:56 (22998 turns).

Mesmaeker13 the Geomancer (GrEE)                   Turns: 22998, Time: 01:11:57

Health: 0/72       AC: 31    Str: 17    XL:     15   Next: 25%
Magic:  19/27      EV: 12    Int: 22    God:    Vehumet [*****.]
Gold:   1977       SH: 12    Dex: 10    Spells: 10/30 levels left

rFire    + . .     SeeInvis .   y - +8 whip "Snakebite" {curare, rPois}
rCold    + . .     Gourm    +   F - +0 shield {reflect}
rNeg     + + .     Faith    .   V - +2 leather armour of Refuge {rN+ Regen+}
rPois    ∞         Spirit   .   s - +1 helmet
rElec    +         Reflect  +   I - scarf {rC+ rF+}
rCorr    .         Harm     .   Q - +2 pair of gloves {archery}
MR       +....                  a - +2 pair of boots
Stlth    ++........             w - amulet of the gourmand
Regen    0.7/turn               z - +4 ring of protection
MPRegen  0.2/turn               X - +5 ring of strength

@: no status effects
A: big wings, negative energy resistance 1, electricity resistance, unbreathing,
petrification resistance, rot immunity, AC +11
a: Fly, Renounce Religion


You were on level 2 of the Orcish Mines.
You worshipped Vehumet.
Vehumet was extremely pleased with you.
You were very full.

You visited 4 branches of the dungeon, and saw 20 of its levels.

You collected 2001 gold pieces.
You spent 24 gold pieces at shops.

Inventory:

Hand Weapons
 y - the +8 whip "Snakebite" (weapon) {curare, rPois}
   (You found it on level 1 of the Lair of Beasts)

   It poisons the flesh of those it strikes.
   It protects you from poison.
 A - a +3 flail of protection
Missiles
 b - 83 stones
 G - 2 throwing nets (quivered)
Armour
 a - a +2 pair of boots (worn)
 s - a +1 helmet (worn)
 t - +0 acid dragon scales
 F - a +0 shield of reflection (worn)
 I - a scarf of resistance (worn)
 Q - a +2 pair of gloves of archery (worn)
 V - the +2 leather armour of Refuge (worn) {rN+ Regen+}
   (You found it on level 4 of the Lair of Beasts)

   It protects you from negative energy.
   It increases your rate of regeneration.
Jewellery
 g - an uncursed amulet of rage {unknown}
 w - an amulet of the gourmand (around neck)
 z - a +4 ring of protection (left hand)
 E - the amulet of the Air {Inacc +Fly rElec EV+5 RMsl}
   (You found it on level 2 of the Orcish Mines)

   [amulet of inaccuracy]

   It reduces the accuracy of all your attacks.
   It affects your evasion (+5).
   It insulates you from electricity.
   It lets you fly.
   It protects you from missiles.
 X - a +5 ring of strength (right hand)
Wands
 f - a wand of acid (7/15)
 o - a wand of digging (5/24)
Scrolls
 e - a scroll of holy word {unknown}
 h - a scroll of amnesia
 n - 2 scrolls of teleportation
 q - 2 scrolls of fog
 v - a scroll of noise {unknown}
 B - a scroll of blinking {unknown}
 D - a scroll of torment
 M - 4 scrolls of remove curse
 W - a scroll of fear
Potions
 i - 9 potions of curing
 j - 5 potions of heal wounds
 l - a potion of cancellation {unknown}
 r - a potion of magic {unknown}
 u - 4 potions of flight {unknown}
 x - 3 potions of brilliance {unknown}
 C - 5 potions of resistance {unknown}
 K - 3 potions of haste {unknown}
 O - 3 potions of agility {unknown}
 R - 2 potions of invisibility
 Z - a potion of ambrosia {unknown}
Comestibles
 c - a meat ration
 d - 7 bread rations
 k - 4 fruits
 p - 10 chunks of flesh


   Skills:
 + Level 6.2 Maces & Flails
 - Level 11.1 Armour
 - Level 3.1 Dodging
 - Level 2.1 Stealth
 + Level 11.5 Shields
 + Level 8.2 Spellcasting
 - Level 11.0 Conjurations
 - Level 5.0 Translocations
 - Level 5.0 Transmutations
 - Level 8.0 Fire Magic
 + Level 14.6 Earth Magic


You had 10 spell levels left.
You knew the following spells:

 Your Spells              Type           Power        Failure   Level  Hunger
a - Sandblast             Erth           ######       1%          1    None
b - Stone Arrow           Conj/Erth      ######       1%          3    None
c - Passwall              Tmut/Erth      ######....   1%          2    None
d - Lee's Rapid Deconstr  Erth           ######....   1%          5    #####..
e - Fireball              Conj/Fire      ######....   1%          5    #####..
f - Force Lance           Conj/Tloc      #####...     1%          4    ###....


Dungeon Overview and Level Annotations

Branches:
Dungeon (11/15)            Temple (1/1) D:7            Lair (6/6) D:11
 Shoals (0/4) Lair:4        Snake (0/4) Lair:2        Slime (0/5) Lair:5
    Orc (2/2) D:11            Elf (0/3) Orc:2

Altars:
Ashenzari
Cheibriados
Dithmenos
Elyvilon
Fedhas
Gozag
Hepliaklqana
Kikubaaqudgha
Makhleb
Nemelex Xobeh
Okawaru
Qazlal
Ru
Sif Muna
Trog
Uskayaw
Vehumet
Xom
Yredelemnul
Zin
The Shining One
Beogh
Jiyva

Shops:
D:7 (   D:9 =   Orc:2 (?

Annotations:
D:11 SeriousVitamin's ghost, journeyman CeWr
Lair:5 exclusion: 4 oklob plants


Innate Abilities, Weirdness & Mutations

You are resistant to torment.
Your stone body is resilient. (AC +11)
You are immune to poison.
Your large and strong wings let you fly indefinitely.
You resist negative energy. (rN+)
You are resistant to electric shocks. (rElec)
You can survive without breathing.
You are immune to petrification.
You are immune to rotting.


Message History

The sun demon hits you!
You are engulfed in flames!
You resist.
Things that are here:
a robe; a dagger of protection
Casting: Lee's Rapid Deconstruction
Confirm with . or Enter, or press ? or * to list all spells.
Aiming: Lee's Rapid Deconstruction
Press: ? - help, Dir - move target cursor The metal wall shatters!
The blast of metal fragments hits the orc warrior.
You kill the orc warrior!
Vehumet accepts your kill.
You feel your power returning.
The blast of metal fragments hits the orc warrior.
You kill the orc warrior!
Vehumet accepts your kill.
You feel your power returning. The sun demon barely misses you.
The sun demon hits you!!
* * * LOW HITPOINT WARNING * * *
You are engulfed in flames!
You resist.
You die...

.......o............
##......).[8)......#
#####..oo[....#####
#########o###########
..#...##o##...#....#
#.#...##)##...#.##'#### #
#.##'###)###'##.#[..#.### ##
#....#.[..)3[...#...##..####.
#####....#[##[##@...#######..##..
##..#....#[#...#....#..# #..#...
##..'....[.#..)#....'.[# #.##...
##..#[####[#####.####..# ##......
#####[#..#..[.......#### #.....#.
.####('..#.....####.######...####
.(..[.#..#..⌠..#..#....'....##
.####(####.....#[.'.####....#
..###..........#.)#.####....### #


You could see a sun demon.

Vanquished Creatures
  Donald (Orc:2)
  A dire elephant (Lair:5)
  Nessos (Orc:2)
  Erolcha (Orc:1)
  A catoblepas (Lair:3)
  3 hydras
  6 two-headed ogres
  An alligator (Lair:6)
  An orc high priest (Orc:2)
  Urug (D:11)
  Nergalle (Lair:4)
  Sonja (Orc:2)
  Pikel (D:5)
  A wolf spider (Lair:6)
  3 orc knights (Orc:2)
  A cyclops (Orc:1)
  6 orc sorcerers
  An ugly thing (D:11)
  An ice statue (Lair:3)
  A guardian serpent (Lair:6)
  24 elephants
  7 black mambas
  Psyche (D:8)
  7 rime drakes
  A torpor snail (Lair:6)
  20 spiny frogs
  A komodo dragon (Lair:4)
  An ice devil (Lair:3)
  6 trolls
  A polar bear (Lair:3)
  Grinder (D:3)
  3 blink frogs (Lair:6)
  3 hornets
  6 dream sheep
  7 hippogriffs
  A spriggan (Lair:5)
  Sigmund (D:4)
  2 redbacks (Lair:6)
  25 yaks
  12 wyverns
  Eustachio (D:5)
  3 basilisks
  The ghost of SmokeFace the Changer, an amateur DrTm (D:3)
  2 hungry ghosts
  Grum (D:8)
  Edmund (D:6)
  2 wargs (Orc:2)
  Duvessa (D:5)
  4 nagas (Lair:2)
  22 water moccasins
  16 porcupines
  30 orc warriors
  2 sky beasts
  3 black bears
  8 ice beasts
  6 phantoms
  17 ogres
  A necrophage (D:6)
  9 crocodiles
  10 wolves
  5 centaurs
  2 big kobolds
  15 bullfrogs
  Dowan (D:5)
  A wyvern skeleton (D:8)
  2 troll zombies (D:11)
  A water moccasin skeleton (D:5)
  15 killer bees
  4 scorpions
  3 bullfrog zombies
  2 crimson imps
  A centaur zombie (D:10)
  5 hounds
  23 orc priests
  3 jellies (D:9)
  Crazy Yiuf (D:6)
  23 orc wizards
  2 bullfrog skeletons
  Ijyb (D:4)
  5 iguanas
  10 worker ants
  A killer bee zombie (D:7)
  6 ogre zombies (D:11)
  6 hound zombies
  A hound skeleton (D:4)
  A worker ant zombie (D:10)
  Robin (D:2)
  A howler monkey skeleton (D:4)
  A howler monkey zombie (D:7)
  10 adders
  6 shadow imps
  3 white imps
  6 oozes
  2 worms
  2 dart slugs
  4 leopard geckos
  96 orcs
  A ball python (D:8)
  5 giant cockroaches
  16 goblins
  5 hobgoblins
  3 jackals (D:8)
  A quokka (D:8)
  10 bats
  6 frilled lizards
  2 goblin skeletons (D:11)
  3 goblin zombies (D:11)
  4 hobgoblin skeletons (D:11)
  A jackal skeleton (D:6)
  14 kobolds
  2 orc skeletons (D:11)
  14 orc zombies (D:11)
  A quokka skeleton (D:7)
  6 rats
  A fungus (D:11)
  A plant (Lair:6)
672 creatures vanquished.

Vanquished Creatures (others)
  An orc warrior (Orc:2)
  An ogre (D:5)
  An orc (D:8)
  56 fungi
  22 plants
81 creatures vanquished.

Grand Total: 753 creatures vanquished

Notes
Turn   | Place    | Note
-------+----------+-------------------------------------------
     0 | D:1      | Mesmaeker13 the Gargoyle Earth Elementalist began the quest for the Orb.
     0 | D:1      | Reached XP level 1. HP: 10/10 MP: 3/3
   432 | D:1      | Reached XP level 2. HP: 10/15 MP: 0/5
   975 | D:1      | Reached skill level 4 in Earth Magic
  1003 | D:1      | Reached XP level 3. HP: 19/19 MP: 4/6
  1133 | D:2      | Found an ancient bone altar of Kikubaaqudgha.
  1133 | D:2      | Found a stormy altar of Qazlal.
  1396 | D:2      | Learned a level 3 spell: Stone Arrow
  1595 | D:2      | Reached XP level 4. HP: 24/24 MP: 7/7
  1598 | D:2      | Found a faded altar of an unknown god.
  2137 | D:3      | Noticed Robin
  2187 | D:2      | Killed Robin
  2187 | D:2      | Reached skill level 1 in Conjurations
  2425 | D:3      | Noticed Grinder
  2457 | D:3      | Paralysed by Grinder for 5 turns
  2544 | D:3      | Noticed SmokeFace's ghost (amateur DrTm)
  2811 | D:3      | Killed SmokeFace's ghost
  2811 | D:3      | Reached skill level 5 in Earth Magic
  2811 | D:3      | Reached XP level 5. HP: 25/28 MP: 2/10
  2811 | D:3      | Reached XP level 6. HP: 28/32 MP: 2/11
  2997 | D:3      | Learned a level 2 spell: Passwall
  3038 | D:4      | Noticed Sigmund
  3115 | D:4      | Killed Sigmund
  3115 | D:4      | Reached skill level 1 in Armour
  3357 | D:4      | Reached XP level 7. HP: 36/36 MP: 10/12
  3460 | D:4      | Found a shadowy altar of Dithmenos.
  3702 | D:4      | Reached skill level 6 in Earth Magic
  3746 | D:4      | Noticed Ijyb
  3760 | D:4      | Killed Ijyb
  3917 | D:4      | Found a hazy altar of Hepliaklqana.
  3917 | D:4      | Found a deep blue altar of Sif Muna.
  4002 | D:5      | Entered Level 5 of the Dungeon
  4245 | D:5      | Noticed Eustachio
  4257 | D:5      | Killed Eustachio
  4257 | D:5      | Reached XP level 8. HP: 32/41 MP: 5/14
  4353 | D:5      | Found a glowing silver altar of Zin.
  4378 | D:5      | Noticed a two-headed ogre
  4467 | D:3      | Found a shattered altar of Ashenzari.
  4520 | D:3      | Killed Grinder
  4520 | D:3      | Reached skill level 7 in Earth Magic
  4529 | D:3      | Reached skill level 5 in Spellcasting
  4562 | D:3      | Reached skill level 5 in Conjurations
  5227 | D:5      | Noticed Pikel
  5240 | D:5      | Learned a level 5 spell: Lee's Rapid Deconstruction
  5266 | D:5      | Killed Pikel
  5266 | D:5      | Reached skill level 5 in Armour
  5266 | D:5      | Reached skill level 8 in Earth Magic
  5266 | D:5      | Reached XP level 9. HP: 37/45 MP: 5/17
  5410 | D:5      | Noticed Duvessa
  5413 | D:5      | Noticed Dowan
  5418 | D:5      | Killed Duvessa
  5425 | D:5      | Killed Dowan
  5507 | D:5      | Found a glowing golden altar of the Shining One.
  5717 | D:5      | Killed a two-headed ogre
  6009 | D:6      | Found a runed door.
  6372 | D:6      | Noticed Edmund
  6380 | D:6      | Killed Edmund
  6380 | D:6      | Reached skill level 1 in Shields
  6432 | D:6      | Noticed Crazy Yiuf
  6435 | D:6      | Killed Crazy Yiuf
  6565 | D:7      | Reached skill level 9 in Earth Magic
  6565 | D:7      | Reached XP level 10. HP: 38/50 MP: 12/20
  6948 | D:7      | Found Zemif's Antique Weapon Shoppe.
  6999 | D:7      | Found a glowing silver altar of Zin.
  7224 | D:7      | Found a staircase to the Ecumenical Temple.
  7249 | Temple   | Entered the Ecumenical Temple
  7623 | Temple   | Became a worshipper of Vehumet
  7941 | D:8      | Noticed a two-headed ogre
  7946 | D:8      | Killed a two-headed ogre
  8021 | D:8      | Noticed Psyche
  8023 | D:8      | Killed Psyche
  8023 | D:8      | Reached skill level 1 in Transmutations
  8273 | D:8      | Noticed Grum
  8303 | D:8      | Killed Grum
  8714 | D:8      | Reached * piety under Vehumet
  8714 | D:8      | Offered knowledge of Flame Tongue by Vehumet.
  8877 | D:8      | Found a bloodstained altar of Trog.
  9160 | D:9      | Found Uguffekk's Jewellery Shoppe.
  9322 | D:9      | Reached skill level 10 in Earth Magic
  9322 | D:9      | Reached XP level 11. HP: 46/54 MP: 0/21
  9831 | D:9      | Reached skill level 5 in Shields
 10049 | D:9      | Offered knowledge of Searing Ray by Vehumet.
 10059 | D:9      | Reached ** piety under Vehumet
 10160 | D:10     | Entered Level 10 of the Dungeon
 11265 | D:10     | Got a dazzling quarterstaff
 11763 | D:11     | Noticed a two-headed ogre
 11768 | D:11     | Killed a two-headed ogre
 11786 | D:11     | Offered knowledge of Mephitic Cloud by Vehumet.
 11925 | D:11     | Noticed Urug
 11964 | D:11     | Killed Urug
 11964 | D:11     | Reached *** piety under Vehumet
 12101 | D:11     | Offered knowledge of Dazzling Spray by Vehumet.
 12157 | D:11     | Noticed SeriousVitamin's ghost (journeyman CeWr)
 12323 | D:11     | Reached **** piety under Vehumet
 12332 | D:11     | Found a staircase to the Orcish Mines.
 12378 | D:11     | Offered knowledge of Iskenderun's Battlesphere by Vehumet.
 12690 | D:11     | Found a staircase to the Lair.
 12696 | Lair:1   | Entered Level 1 of the Lair of Beasts
 12699 | Lair:1   | Reached skill level 11 in Earth Magic
 12922 | Lair:1   | Reached XP level 12. HP: 49/59 MP: 16/22
 12929 | Lair:1   | Learned a level 5 spell: Fireball
 13002 | Lair:1   | Reached skill level 1 in Fire Magic
 13177 | Lair:1   | Reached skill level 5 in Transmutations
 13362 | Lair:1   | Reached ***** piety under Vehumet
 13472 | Lair:1   | Offered knowledge of Force Lance by Vehumet.
 13478 | Lair:1   | Learned a level 4 spell: Force Lance
 13893 | Lair:2   | Noticed a six-headed hydra
 13901 | Lair:2   | Killed a six-headed hydra
 13957 | Lair:2   | Reached skill level 10 in Conjurations
 13965 | Lair:2   | Found a staircase to the Snake Pit.
 15172 | Lair:3   | Reached skill level 10 in Armour
 15284 | Lair:3   | Noticed a seven-headed hydra
 15290 | Lair:3   | Killed a seven-headed hydra
 15290 | Lair:3   | Reached skill level 12 in Earth Magic
 15405 | Lair:3   | Reached XP level 13. HP: 57/63 MP: 7/23
 16087 | Lair:4   | Found a staircase to the Shoals.
 16171 | Lair:4   | Noticed Nergalle
 16189 | Lair:4   | Killed Nergalle
 16212 | Lair:4   | Reached skill level 1 in Translocations
 16325 | Lair:4   | Reached skill level 5 in Fire Magic
 16540 | Lair:4   | Got a heavily runed leather armour
 16930 | Lair:4   | Identified the +2 leather armour of Refuge {rN+ Regen+} (You found it on level 4 of the Lair of Beasts)
 17001 | Lair:5   | Identified the +6 quarterstaff of the Dwarven Hall {crush, rPois rN+} (You found it on level 10 of the Dungeon)
 17241 | Lair:5   | Offered knowledge of Olgreb's Toxic Radiance by Vehumet.
 17396 | Lair:5   | Noticed a dire elephant
 17438 | Lair:5   | Killed a dire elephant
 17808 | Lair:5   | Reached skill level 13 in Earth Magic
 17973 | Lair:5   | Found a staircase to the Slime Pits.
 17974 | Lair:5   | Found a viscous altar of Jiyva.
 18345 | Lair:6   | Entered Level 6 of the Lair of Beasts
 18359 | Lair:6   | Reached skill level 1 in Maces & Flails
 18516 | Lair:6   | Gained mutation: Your large and strong wings let you fly indefinitely. [Gargoyle growth]
 18516 | Lair:6   | Reached XP level 14. HP: 68/68 MP: 12/24
 18690 | Lair:6   | Reached skill level 10 in Shields
 19604 | Lair:6   | Reached skill level 5 in Translocations
 19896 | Lair:3   | Got a wavering platinum ring
 19991 | Lair:1   | Identified the cursed ring of Pride {rPois AC-3 Int+5} (You found it on level 3 of the Lair of Beasts)
 20595 | Orc:1    | Entered Level 1 of the Orcish Mines
 20634 | Orc:1    | Noticed Erolcha
 20642 | Orc:1    | Killed Erolcha
 20844 | Orc:1    | Paralysed by an orc sorcerer for 2 turns
 21004 | Orc:1    | Reached skill level 14 in Earth Magic
 21087 | Orc:2    | Entered Level 2 of the Orcish Mines
 21277 | Orc:1    | Reached skill level 5 in Maces & Flails
 21413 | Orc:2    | Offered knowledge of Poison Arrow by Vehumet.
 21543 | Orc:2    | Found Vopaihynk's Magic Scroll Emporium.
 21563 | Orc:2    | Bought a scroll of identify for 24 gold pieces
 21572 | Orc:2    | Found Kitras's Weapon Shoppe.
 21748 | Orc:2    | Noticed Nessos
 21754 | Orc:2    | Killed Nessos
 21901 | Orc:2    | Noticed Sonja
 21911 | Orc:2    | Killed Sonja
 22061 | Orc:2    | Reached XP level 15. HP: 72/72 MP: 26/26
 22365 | Orc:2    | Found a staircase to the Elven Halls.
 22409 | Orc:2    | Offered knowledge of Iron Shot by Vehumet.
 22461 | Orc:2    | Noticed Donald
 22475 | Orc:2    | Killed Donald
 22602 | Orc:2    | Noticed an orc warlord
 22726 | Orc:2    | Found a roughly hewn altar of Beogh.
 22998 | Orc:2    | Slain by a sun demon

Skill      XL: |  1  2  3  4  5  6  7  8  9 10 11 12 13 14 15 |
---------------+----------------------------------------------+-----
Dodging        | 2 3 |  3.1
Earth Magic    | 4 5 6 8 9 10 11 12 13 14 | 14.6
Conjurations   | 2 3 4 6 7 8 9 10 11 | 11.0
Spellcasting   | 3 4 5 6 7 8 |  8.2
Armour         | 1 3 5 6 7 9 10 11 | 11.1
Shields        | 1 4 6 8 9 11 | 11.5
Transmutations | 2 4 5 |  5.0
Fire Magic     | 4 6 8 |  8.0
Translocations | 3 5 |  5.0
Maces & Flails | 1 5 6 |  6.2
Stealth        | |  2.1

Action                   |  1- 3 |  4- 6 |  7- 9 | 10-12 | 13-15 || total
-------------------------+-------+-------+-------+-------+-------++-------
Melee: Dagger            |   123 |    87 |    78 |    34 |       ||   322
       Unarmed           |     5 |       |       |       |       ||     5
       Flail             |       |       |       |   306 |       ||   306
       Whip              |       |       |       |    71 |   822 ||   893
Throw: Javelin           |       |     2 |       |     2 |     2 ||     6
       Throwing net      |       |       |       |       |     2 ||     2
 Cast: Sandblast         |    25 |    54 |    98 |   279 |   124 ||   580
       Stone Arrow       |       |     3 |    18 |   114 |   165 ||   300
       Lee's Rapid Decon |       |       |       |    15 |    37 ||    52
       Force Lance       |       |       |       |     3 |    12 ||    15
       Fireball          |       |       |       |       |    14 ||    14
 Abil: Fly               |       |       |       |       |     1 ||     1
       Stop Flying       |       |       |       |       |     1 ||     1
Evoke: Wand              |       |       |     3 |     1 |     1 ||     5
  Use: Scroll            |     2 |     2 |     5 |     9 |    10 ||    28
       Potion            |       |     1 |       |       |     1 ||     2
 Stab: Sleeping          |     1 |     2 |       |     1 |     3 ||     7
       Distracted        |       |       |       |     2 |       ||     2
  Eat: Chunk             |     3 |     5 |    11 |    37 |    41 ||    97
       Bread ration      |       |       |       |     1 |     1 ||     2
Armor: Robe              |    46 |    64 |    56 |   269 |    67 ||   502
       Ring mail         |       |       |       |    98 |       ||    98
       Leather armour    |       |       |       |       |   387 ||   387
Dodge: Dodged            |    91 |   103 |    79 |   402 |   409 ||  1084
Block: Buckler           |       |       |     1 |   180 |    92 ||   273
       Shield            |       |       |       |       |   367 ||   367
       Reflection        |       |       |       |       |     4 ||     4
